 Dungeon Crawl Stone Soup version 0.22.0-40-g68aacdc4c8 (webtiles) character file.

766 Erymatos the Chopper (level 7, -1/91 HPs)
             Began as a Minotaur Berserker on Sept 2, 2018.
             Was a Priest of Trog.
             Slain by Duvessa
             ... wielding a +0 short sword
              (4 damage)
             ... on level 4 of the Dungeon.
             The game lasted 00:06:20 (2845 turns).

Erymatos the Chopper (Minotaur Berserker)           Turns: 2845, Time: 00:06:20

Health: -1/91      AC:  8    Str: 27    XL:     7   Next: 52%
Magic:  6/6        EV: 13    Int:  4    God:    Trog [***...]
Gold:   247        SH:  0    Dex: 11    Spells: 6/6 levels left

rFire    . . .     SeeInvis .   a - +0 hand axe
rCold    . . .     Gourm    .   (no shield)
rNeg     . . .     Faith    .   d - +0 ring mail
rPois    .         Spirit   .   (helmet restricted)
rElec    .         Reflect  .   s - +1 cloak {+Inv}
rCorr    .         Harm     +   (no gloves)
MR       .....                  (no boots)
Stlth    ..........             t - amulet of harm
HPRegen  0.25/turn              (no ring)
MPRegen  0.10/turn              (no ring)

@: berserking, glowing, very quick
A: retaliatory headbutt, horns 2
a: Berserk, Trog's Hand, Renounce Religion, Evoke Invisibility


You were on level 4 of the Dungeon.
You worshipped Trog.
Trog was most pleased with you.
You were hungry.

You visited 1 branch of the dungeon, and saw 4 of its levels.

You collected 247 gold pieces.

Inventory:

Hand Weapons
 a - a +0 hand axe (weapon)
 b - a +0 broad axe
Armour
 d - a +0 ring mail (worn)
 s - a +1 cloak of invisibility (worn)
Jewellery
 t - an amulet of harm (around neck)
Wands
 o - a wand of enslavement (12)
 u - a wand of polymorph (11)
 v - a wand of random effects (18)
Scrolls
 e - a scroll of enchant weapon {unknown}
 f - 7 scrolls of remove curse {unknown}
 i - a scroll of blinking {unknown}
 j - a scroll of identify {unknown}
 k - 2 scrolls of fog {unknown}
 l - a scroll of noise {unknown}
 m - 2 scrolls of amnesia {unknown}
 r - a scroll of immolation {unknown}
Potions
 g - 4 potions of might {unknown}
 h - 2 potions of flight {unknown}
 n - 2 potions of curing {unknown}
 p - a potion of lignification {unknown}
 q - a potion of degeneration {unknown}
Comestibles
 c - 4 rations


   Skills:
 + Level 5.6 Fighting
 + Level 7.8 Axes
 + Level 5.0 Armour
 + Level 4.1 Dodging


You had 6 spell levels left.
You didn't know any spells.
Your spell library was empty.

Dungeon Overview and Level Annotations

Branches:
Dungeon (4/15)
 Temple: D:4-7

Altars:
Elyvilon
Wu Jian
Zin
The Shining One

Annotations:
D:4 Duvessa


Innate Abilities, Weirdness & Mutations

You reflexively headbutt those who attack you in melee.
You have a pair of horns on your head.


Message History

Duvessa goes berserk!
Your Armour skill increases to level 5!
You hit Duvessa. Duvessa hits you with a short sword!
A jackal comes into view.
Duvessa hits you with a short sword!
* * * LOW HITPOINT WARNING * * *
The jackal barks!
You are too injured to fight recklessly!
You are too injured to fight recklessly!
Unknown command.
You are too injured to fight recklessly!
A red film seems to cover your vision as you go berserk!
You feel yourself moving faster!
You feel mighty!
You are feeling hungry.
Duvessa hits you with a short sword!
* * * LOW HITPOINT WARNING * * *
You barely miss Duvessa. Your headbutt misses Duvessa.
Duvessa is heavily wounded.
Duvessa hits you with a short sword.
You die...

...................#........
...................'........
####)).##..........#...>....
#.#.#)###...##...###.h###...
(.....).#...##...###..## +
#.#.#.#.#..............#
........#..............#
#.#.#.#.#..............#
.......##.......@##...##
#.#.#.###(..##.)e##...#
.....>......##..<##....#
#.#.#.#.....#....#....##
............#....#[...#
#.#.#.#.....#...$# ....
.##....##...#....#
.##....##...#....#
.......#....#


You could see Duvessa (berserk) and a jackal.

Vanquished Creatures
  Sigmund (D:3)
  Eustachio (D:4)
  Dowan (D:4)
  A scorpion (D:4)
  Crazy Yiuf (D:2)
  Ijyb (D:4)
  2 worker ants (D:4)
  Robin (D:2)
  8 gnolls
  4 adders
  An adder skeleton (D:4)
  A worm (D:3)
  2 dart slugs
  5 leopard geckos
  5 orcs
  3 giant cockroaches
  20 goblins
  11 hobgoblins
  7 jackals
  9 kobolds
  15 bats
  3 frilled lizards
  7 rats
  2 fungi (D:2)
112 creatures vanquished.

Vanquished Creatures (others)
  4 fungi (D:2)
4 creatures vanquished.

Grand Total: 116 creatures vanquished

Notes
Turn   | Place    | Note
-------+----------+-------------------------------------------
     0 | D:1      | Erymatos the Minotaur Berserker began the quest for the Orb.
     0 | D:1      | Reached XP level 1. HP: 19/19 MP: 0/0
   111 | D:1      | Reached XP level 2. HP: 23/27 MP: 1/1
   114 | D:1      | Reached skill level 4 in Axes
   376 | D:1      | Reached XP level 3. HP: 32/33 MP: 2/2
   688 | D:2      | Found a white marble altar of Elyvilon.
   688 | D:2      | Found a glowing golden altar of the Shining One.
   689 | D:2      | Found a glowing silver altar of Zin.
   712 | D:2      | Reached ** piety under Trog
   762 | D:2      | Reached XP level 4. HP: 29/41 MP: 3/3
  1086 | D:2      | Reached skill level 5 in Axes
  1123 | D:2      | Found a runed door.
  1309 | D:2      | Noticed Robin
  1323 | D:2      | Killed Robin
  1323 | D:2      | Reached XP level 5. HP: 47/47 MP: 4/4
  1430 | D:2      | Noticed Crazy Yiuf
  1434 | D:2      | Killed Crazy Yiuf
  1573 | D:3      | Reached *** piety under Trog
  1807 | D:3      | Found an ornate altar of the Wu Jian Council.
  1938 | D:3      | Noticed Sigmund
  1986 | D:3      | Killed Sigmund
  1986 | D:3      | Reached skill level 5 in Fighting
  1986 | D:3      | Reached skill level 6 in Axes
  1986 | D:3      | Reached XP level 6. HP: 17/56 MP: 5/5
  2390 | D:4      | Reached skill level 7 in Axes
  2426 | D:4      | Noticed Ijyb
  2433 | D:4      | Killed Ijyb
  2516 | D:4      | Reached XP level 7. HP: 38/61 MP: 6/6
  2519 | D:4      | Noticed Eustachio
  2545 | D:4      | Killed Eustachio
  2830 | D:4      | Noticed Dowan
  2831 | D:4      | Noticed Duvessa
  2843 | D:4      | Killed Dowan
  2843 | D:4      | Reached skill level 5 in Armour
  2844 | D:4      | HP: 3/91 [Duvessa/short sword (19)]
  2845 | D:4      | Slain by Duvessa

Skill      XL: |  1  2  3  4  5  6  7 |
---------------+----------------------+-----
Axes           | 4 5 6 7 |  7.8
Fighting       | 4 5 |  5.6
Armour         | 3 4 5 |  5.0
Dodging        | 3 4 |  4.1

Action                   |  1- 3 |  4- 6 |  7- 9 || total
-------------------------+-------+-------+-------++-------
Melee: Hand axe          |    68 |   155 |    31 ||   254
       Headbutt          |     8 |    21 |     5 ||    34
       Unarmed           |       |     7 |       ||     7
Invok: Berserk           |     2 |     4 |     2 ||     8
       Trog's Hand       |       |     1 |     1 ||     2
  Eat: Chunk             |       |    11 |     3 ||    14
Armor: Animal skin       |     3 |       |       ||     3
       Ring mail         |    35 |    60 |    15 ||   110
Dodge: Dodged            |    64 |   106 |    19 ||   189
